NCAA
OKLAHOMA SOONERS @ ILLINOIS FIGHTING ILLINI
05/07/2025
 
TOP OF THE 1ST
Oklahoma Sooners batting - Pitching for Illinois Fighting Illini : LHP Alonso Medina
Pitching: LHP Alonso Medina
Batting: SHB Ryan Holcomb 0-0: Swinging Strike
0-1: Ball
1-1: Swinging Strike
1-2: Ball
2-2: SINGLE (Line Drive, 89S)
Batting: SHB César Álvarez 0-0: Ball
1-0: Called Strike
1-1: Ball
2-1: Called Strike
2-2: Ball
3-2: Foul Ball, location: 2F
3-2: Foul Ball, location: 2F
3-2: Foul Ball, location: 2F
3-2: Base on Balls
Ryan Holcomb to second
Batting: RHB Scott Williams 0-0: Ball
1-0: Fly out, F3 (Popup, 13)
Batting: LHB Keith Green 0-0: Called Strike
0-1: Called Strike
0-2: Ball
1-2: Fly out, F9 (Flyball, 89D)
Runner from 2nd tags up, SAFE at 3rd, no throw
Batting: RHB Ralph Hayes 0-0: Fly out, F9 (Flyball, 89M)
Top of the 1st over - 0 run(s), 1 hit(s), 0 error(s), 2 left on base; Oklahoma 0 - Illinois 0
BOTTOM OF THE 1ST
Illinois Fighting Illini batting - Pitching for Oklahoma Sooners : RHP Gonzalo Gutiérrez
Pitching: RHP Gonzalo Gutiérrez
Batting: RHB Benoît Vigneault 0-0: Ball
1-0: Ground out 6-3 (Groundball, 6)
Batting: RHB Matt Cole 0-0: Called Strike
0-1: Ball
1-1: Ball
2-1: Ball
3-1: Fly out, F7 (Popup, 7M)
Batting: RHB Clinton Barton 0-0: Swinging Strike
0-1: SINGLE (Line Drive, 9S)
Batting: RHB James Brown 0-0: Ball
Clinton Barton is caught stealing 2nd base
Bottom of the 1st over - 0 run(s), 1 hit(s), 0 error(s), 0 left on base; Oklahoma 0 - Illinois 0
TOP OF THE 2ND
Oklahoma Sooners batting - Pitching for Illinois Fighting Illini : LHP Alonso Medina
Batting: RHB Rafael Barajas 0-0: Ball
1-0: Ball
2-0: Ball
3-0: Base on Balls
Batting: RHB Steven Wright 0-0: Fly out, F6 (Popup, 6)
Batting: RHB Adam Reeves 0-0: Called Strike
0-1: Ball
1-1: Ball
2-1: Called Strike
2-2: Ball
3-2: Foul Ball, location: 2F
3-2: Base on Balls
Rafael Barajas to second
Batting: RHB Chris Wilson 0-0: Ball
1-0: Grounds into double play, 5-4-3 (Groundball, 56)
Top of the 2nd over - 0 run(s), 0 hit(s), 0 error(s), 1 left on base; Oklahoma 0 - Illinois 0
BOTTOM OF THE 2ND
Illinois Fighting Illini batting - Pitching for Oklahoma Sooners : RHP Gonzalo Gutiérrez
Batting: RHB James Brown 0-0: Called Strike
0-1: Fly out, F8 (Flyball, 8RS)
Batting: RHB Aaron Murray 0-0: Ground out 1-3 (Groundball, 23)
Batting: RHB Gerald Davis 0-0: Ball
1-0: Ball
2-0: Hit by Pitch
Batting: RHB Jon Foster 0-0: Called Strike
Gerald Davis steals 2nd base
0-1: Ball
1-1: Called Strike
1-2: Ball
Wild Pitch!
Gerald Davis to third
2-2: Strikes out swinging
Bottom of the 2nd over - 0 run(s), 0 hit(s), 0 error(s), 1 left on base; Oklahoma 0 - Illinois 0
TOP OF THE 3RD
Oklahoma Sooners batting - Pitching for Illinois Fighting Illini : LHP Alonso Medina
Batting: SHB Ryan Holcomb 0-0: Ball
1-0: Bunt missed!
1-1: Ball
2-1: Ground out 4-3 (Groundball, 4)
Batting: SHB César Álvarez 0-0: Ball
1-0: Ball
2-0: Foul Ball, location: 2F
2-1: Ball
3-1: Base on Balls
Batting: RHB Scott Williams 0-0: Ball
1-0: TRIPLE (Line Drive, 89M)
César Álvarez scores
Batting: LHB Keith Green 0-0: SINGLE (Groundball, 34D) (infield hit)
Scott Williams scores
Batting: RHB Ralph Hayes 0-0: Ball
1-0: Ball
2-0: Ball
3-0: Called Strike
3-1: Foul Ball, location: 2F
3-2: Base on Balls
Keith Green to second
Batting: RHB Rafael Barajas 0-0: Ball
1-0: Ball
2-0: Called Strike
2-1: Foul Ball, location: 2F
2-2: Ball
3-2: Base on Balls
Keith Green to third
Ralph Hayes to second
Batting: RHB Steven Wright 0-0: Fly out, F3 (Popup, 3F)
Batting: RHB Adam Reeves 0-0: Ball
1-0: SINGLE (Groundball, 6MD)
Keith Green scores
Ralph Hayes to third
Rafael Barajas to second
Runner from 3rd tries for Home, SAFE, no throw or cutoff
Batting: RHB Chris Wilson 0-0: Ball
1-0: Foul Ball, location: 2F
1-1: Ball
2-1: Ball
3-1: Called Strike
3-2: Base on Balls
Rafael Barajas to third
Adam Reeves to second
Batting: SHB Ryan Holcomb 0-0: SINGLE (Line Drive, 4D)
Rafael Barajas scores
Adam Reeves to third
Chris Wilson to second
Batting: SHB César Álvarez 0-0: Ball
1-0: Ball
2-0: Ball
3-0: Base on Balls
Adam Reeves scores
Chris Wilson to third
Ryan Holcomb to second
Batting: RHB Scott Williams 0-0: Ball
1-0: Swinging Strike
1-1: Ball
2-1: Ball
3-1: Base on Balls
Chris Wilson scores
Ryan Holcomb to third
César Álvarez to second
Batting: LHB Keith Green 0-0: Ball
1-0: Fly out, F7 (Flyball, 7S)
Top of the 3rd over - 7 run(s), 4 hit(s), 0 error(s), 3 left on base; Oklahoma 7 - Illinois 0
BOTTOM OF THE 3RD
Illinois Fighting Illini batting - Pitching for Oklahoma Sooners : RHP Gonzalo Gutiérrez
Batting: SHB Frank Grant 0-0: Called Strike
0-1: Swinging Strike
0-2: Ball
1-2: Strikes out swinging
Batting: LHB Joe Alexander 0-0: Foul Ball, location: 2F
0-1: SINGLE (Groundball, 4MD)
Batting: RHB Benoît Vigneault 0-0: Ball
1-0: Ball
2-0: Called Strike
2-1: Swinging Strike
2-2: Foul Ball, location: 2F
2-2: SINGLE (Groundball, 56D)
Joe Alexander to second
Batting: RHB Matt Cole 0-0: Ball
1-0: SINGLE (Line Drive, 8LS)
Joe Alexander to third
Benoît Vigneault to second
Runner from 3rd tries for Home, SAFE, no throw or cutoff
Batting: RHB Clinton Barton 0-0: Grounds into double play, U4-3 (Groundball, 4M)
Bottom of the 3rd over - 1 run(s), 3 hit(s), 0 error(s), 1 left on base; Oklahoma 7 - Illinois 1
TOP OF THE 4TH
Oklahoma Sooners batting - Pitching for Illinois Fighting Illini : LHP Alonso Medina
Pitching: RHP Miguel Morán
Batting: RHB Ralph Hayes 0-0: Ball
1-0: Called Strike
1-1: Ground out 4-3 (Groundball, 34)
Batting: RHB Rafael Barajas 0-0: SINGLE (Line Drive, 56D)
Batting: RHB Steven Wright 0-0: Called Strike
0-1: Swinging Strike
0-2: Ball
1-2: Ball
2-2: Fly out, F7 (Flyball, 78S)
Batting: RHB Adam Reeves 0-0: Ground out 5-3 (Groundball, 5)
Top of the 4th over - 0 run(s), 1 hit(s), 0 error(s), 1 left on base; Oklahoma 7 - Illinois 1
BOTTOM OF THE 4TH
Illinois Fighting Illini batting - Pitching for Oklahoma Sooners : RHP Gonzalo Gutiérrez
Batting: RHB James Brown 0-0: Called Strike
0-1: Ball
1-1: Foul Ball, location: 2F
1-2: Ball
2-2: Foul Ball, location: 2F
2-2: Foul Ball, location: 2F
2-2: Foul Ball, location: 2F
2-2: Foul Ball, location: 2F
2-2: Ball
3-2: Strikes out looking
Batting: RHB Aaron Murray 0-0: Fly out, F2 (Popup, 2LF)
Batting: RHB Gerald Davis 0-0: Foul Ball, location: 2F
0-1: Called Strike
0-2: Ball
1-2: SINGLE (Groundball, 4MD) (infield hit)
Batting: RHB Jon Foster Pickoff Throw to First - Out!
Bottom of the 4th over - 0 run(s), 1 hit(s), 0 error(s), 0 left on base; Oklahoma 7 - Illinois 1
TOP OF THE 5TH
Oklahoma Sooners batting - Pitching for Illinois Fighting Illini : RHP Miguel Morán
Batting: RHB Chris Wilson 0-0: Ball
1-0: Called Strike
1-1: Ball
2-1: Ground out 1-3 (Groundball, 13)
Batting: SHB Ryan Holcomb 0-0: Called Strike
0-1: Ball
1-1: Ground out U3 (Groundball, 3S)
Batting: SHB César Álvarez 0-0: Ball
1-0: Fly out, F8 (Flyball, 8LS)
Top of the 5th over - 0 run(s), 0 hit(s), 0 error(s), 0 left on base; Oklahoma 7 - Illinois 1
BOTTOM OF THE 5TH
Illinois Fighting Illini batting - Pitching for Oklahoma Sooners : RHP Gonzalo Gutiérrez
Batting: RHB Jon Foster 0-0: Called Strike
0-1: Foul Ball, location: 2F
0-2: Foul Ball, location: 2F
0-2: Ball
1-2: Ball
2-2: Ball
3-2: Foul Ball, location: 2F
3-2: Base on Balls
Batting: SHB Frank Grant 0-0: Grounds into double play, U4-3 (Groundball, 4)
Batting: LHB Joe Alexander 0-0: Ball
1-0: Foul Ball, location: 2F
1-1: Called Strike
1-2: Ball
2-2: Ball
3-2: Base on Balls
Batting: RHB Benoît Vigneault 0-0: Ball
1-0: Called Strike
1-1: Ball
2-1: Foul Ball, location: 2F
2-2: Foul Ball, location: 2F
2-2: Fly out, F8 (Flyball, 8LM)
Bottom of the 5th over - 0 run(s), 0 hit(s), 0 error(s), 1 left on base; Oklahoma 7 - Illinois 1
TOP OF THE 6TH
Oklahoma Sooners batting - Pitching for Illinois Fighting Illini : RHP Miguel Morán
Batting: RHB Scott Williams 0-0: Ball
1-0: Ball
2-0: Ball
3-0: Called Strike
3-1: Base on Balls
Batting: LHB Keith Green 0-0: Swinging Strike
0-1: Ball
1-1: Ball
2-1: Foul Ball, location: 2F
Balk!
Scott Williams to second
2-2: Ground out U3 (Groundball, 3)
Scott Williams to third
Batting: RHB Ralph Hayes 0-0: Foul Ball, location: 2F
0-1: Called Strike
0-2: Foul Ball, location: 2F
0-2: Ball
1-2: Foul Ball, location: 2F
1-2: 2-RUN HOME RUN (Flyball, 78D), Distance : 379 ft
Batting: RHB Rafael Barajas 0-0: Called Strike
0-1: Ball
1-1: Fly out, F1 (Line Drive, 13)
Batting: RHB Steven Wright 0-0: Ball
1-0: Ball
2-0: SINGLE (Groundball, 56D)
Batting: RHB Adam Reeves 0-0: Ball
Steven Wright steals 2nd base
1-0: Ball
2-0: 2-RUN HOME RUN (Flyball, 7D), Distance : 362 ft
Batting: RHB Chris Wilson 0-0: Ball
1-0: Called Strike
1-1: Fly out, F8 (Flyball, 8LM)
Top of the 6th over - 4 run(s), 3 hit(s), 0 error(s), 0 left on base; Oklahoma 11 - Illinois 1
BOTTOM OF THE 6TH
Illinois Fighting Illini batting - Pitching for Oklahoma Sooners : RHP Gonzalo Gutiérrez
Batting: RHB Matt Cole 0-0: Called Strike
0-1: Called Strike
0-2: Ball
1-2: SINGLE (Groundball, 56D)
Pitching: RHP Bob Peterson
Batting: RHB Clinton Barton 0-0: Foul Ball, location: 2F
0-1: Ball
1-1: Called Strike
1-2: Fielders Choice at 2nd, 1-6 (Groundball, 23)
Batting: RHB James Brown 0-0: Ball
1-0: Foul Ball, location: 2F
1-1: Foul Ball, location: 2F
Reached via error on a dropped throw, E3
Clinton Barton to second
Batting: RHB Aaron Murray 0-0: Foul Ball, location: 2F
0-1: Ball
1-1: Foul Ball, location: 2F
1-2: Strikes out swinging
Batting: RHB Gerald Davis 0-0: Ball
1-0: SINGLE (Groundball, 56D)
Clinton Barton to third
James Brown to second
Runner from 3rd tries for Home, SAFE, throw made at trailing runner, OUT at third!
Bottom of the 6th over - 1 run(s), 2 hit(s), 1 error(s), 1 left on base; Oklahoma 11 - Illinois 2
TOP OF THE 7TH
Oklahoma Sooners batting - Pitching for Illinois Fighting Illini : RHP Miguel Morán
Pitching: RHP Terence Wilson
Batting: SHB Ryan Holcomb 0-0: Called Strike
0-1: Ball
1-1: Ground out U3 (Groundball, 3)
Batting: SHB César Álvarez 0-0: Ball
1-0: Foul Ball, location: 2F
1-1: Ball
2-1: Foul Ball, location: 2F
2-2: Strikes out looking
Batting: RHB Scott Williams 0-0: Ball
1-0: Ball
2-0: Ball
3-0: Called Strike
3-1: Called Strike
3-2: Foul Ball, location: 2F
3-2: Base on Balls
Batting: LHB Keith Green 0-0: Ball
1-0: SINGLE (Groundball, 4M)
Scott Williams to second
Batting: RHB Ralph Hayes 0-0: Ball
1-0: 3-RUN HOME RUN (Flyball, 7D), Distance : 369 ft
Pitching: RHP Bob Brock
Batting: RHB Rafael Barajas 0-0: Called Strike
0-1: Foul Ball, location: 2F
0-2: Ball
1-2: Strikes out looking
Top of the 7th over - 3 run(s), 2 hit(s), 0 error(s), 0 left on base; Oklahoma 14 - Illinois 2
BOTTOM OF THE 7TH
Illinois Fighting Illini batting - Pitching for Oklahoma Sooners : RHP Bob Peterson
Batting: RHB Jon Foster 0-0: Swinging Strike
0-1: Called Strike
0-2: Ball
1-2: Ball
2-2: Strikes out swinging
Batting: SHB Frank Grant 0-0: Swinging Strike
0-1: Foul Ball, location: 2F
0-2: Ball
1-2: Strikes out swinging
Batting: LHB Joe Alexander 0-0: Fly out, F7 (Flyball, 7LSF)
Bottom of the 7th over - 0 run(s), 0 hit(s), 0 error(s), 0 left on base; Oklahoma 14 - Illinois 2
TOP OF THE 8TH
Oklahoma Sooners batting - Pitching for Illinois Fighting Illini : RHP Bob Brock
Batting: RHB Steven Wright 0-0: Swinging Strike
0-1: Foul Ball, location: 2F
0-2: Strikes out swinging, 2-3 out at first.
Batting: RHB Adam Reeves 0-0: Called Strike
0-1: Ground out 5-3 (Groundball, 5L)
Batting: RHB Chris Wilson 0-0: Called Strike
0-1: Ball
1-1: SINGLE (Groundball, 6MD)
Batting: SHB Ryan Holcomb 0-0: Called Strike
0-1: Foul Ball, location: 2F
0-2: Ball
1-2: Strikes out swinging
Top of the 8th over - 0 run(s), 1 hit(s), 0 error(s), 1 left on base; Oklahoma 14 - Illinois 2
BOTTOM OF THE 8TH
Illinois Fighting Illini batting - Pitching for Oklahoma Sooners : RHP Bob Peterson
Pitching: LHP Jeff Austin
Batting: RHB Benoît Vigneault 0-0: Foul Ball, location: 2F
0-1: Fly out, F7 (Line Drive, 7S)
Batting: RHB Matt Cole 0-0: Ball
1-0: Ball
2-0: Called Strike
2-1: Ball
3-1: Base on Balls
Batting: RHB Clinton Barton 0-0: Swinging Strike
0-1: Ball
1-1: Ball
2-1: Called Strike
2-2: Strikes out swinging
Batting: RHB James Brown 0-0: Called Strike
0-1: Hit by Pitch
Matt Cole to second
Batting: RHB Aaron Murray 0-0: Swinging Strike
0-1: Foul Ball, location: 2F
0-2: Ball
1-2: Ball
2-2: Strikes out looking
Bottom of the 8th over - 0 run(s), 0 hit(s), 0 error(s), 2 left on base; Oklahoma 14 - Illinois 2
TOP OF THE 9TH
Oklahoma Sooners batting - Pitching for Illinois Fighting Illini : RHP Bob Brock
Batting: SHB César Álvarez 0-0: Ball
1-0: Swinging Strike
1-1: Swinging Strike
1-2: Strikes out looking
Batting: RHB Scott Williams 0-0: Ball
1-0: Ball
2-0: Ball
3-0: Called Strike
3-1: Base on Balls
Batting: LHB Keith Green 0-0: Ball
1-0: Ball
2-0: DOUBLE (Line Drive, 89D)
Scott Williams to third
Batting: RHB Ralph Hayes 0-0: Called Strike
0-1: Ball
1-1: Called Strike
1-2: Strikes out looking
Batting: RHB Rafael Barajas 0-0: Ball
1-0: Called Strike
1-1: Called Strike
1-2: Foul Ball, location: 2F
1-2: Foul Ball, location: 2F
1-2: Foul Ball, location: 2F
1-2: Strikes out looking
Top of the 9th over - 0 run(s), 1 hit(s), 0 error(s), 2 left on base; Oklahoma 14 - Illinois 2
BOTTOM OF THE 9TH
Illinois Fighting Illini batting - Pitching for Oklahoma Sooners : LHP Jeff Austin
Pinch Hitting: RHB Allen Brown 0-0: Swinging Strike
0-1: Ball
1-1: Ball
2-1: Foul Ball, location: 2F
2-2: Fly out, F8 (Flyball, 8RD)
Batting: RHB Jon Foster 0-0: Ball
1-0: Ball
2-0: Called Strike
2-1: Swinging Strike
2-2: Ball
3-2: Foul Ball, location: 2F
3-2: Foul Ball, location: 2F
3-2: SINGLE (Groundball, 25) (infield hit)
Batting: SHB Frank Grant 0-0: Called Strike
0-1: Ball
1-1: Foul Ball, location: 2F
1-2: Strikes out swinging
Batting: LHB Joe Alexander 0-0: Fly out, F7 (Flyball, 78M)
Bottom of the 9th over - 0 run(s), 1 hit(s), 0 error(s), 1 left on base; Oklahoma 14 - Illinois 2
This league is powered by Out of the Park Baseball, the baseball management simulation game for PC, Mac and Linux
Tuesday, August 2nd, 2016 - OOTP Baseball 16.8 Build 38